AoeStats
← MeowMe

Arena

509856398Analyzed
4v4 RM · 3d ago on Sep 28, 2026· 56m 46s· 8 players
Game mode
Random Map
Map size
Large (8 player)
Population
200
Speed
Normal
Resources
Standard
Victory
Conquest
Starting age
Dark Age
Ending age
Imperial Age
RankedLock teamsTeams togetherTeam positionsShared explorationLock speedFull tech treeHidden civsTurbo modeCheats
Victory
Defeat
🇷🇺 Celts · Russia
1634
+15
🇧🇾 Slavs · Belarus
1624
+16
🇻🇳 Italians · Vietnam
1600
+17
🇬🇪 Chinese · Georgia
1506
+21
🇨🇳 Saracens · China
1641
-18
🇸🇬 Mongols · Singapore
1627
-18
🇨🇳 Turks · China
1603
-17
🇦🇷 Bohemians · Argentina
1591
-16
OLADUSHEK
10:54 Feudal Age
11:43 Double-Bit Axe
14:38 Castle Age
12:25 Horse Collar
15:36 Bow Saw
15:51 Heavy Plow
17:35 Wheelbarrow
18:15 Town Watch
19:07 Gold Mining
19:51 Loom
20:39 Hand Cart
22:00 Fortified Wall
22:59 Gold Shaft Mining
26:49 Imperial Age
24:40 Scale Mail Armor
24:41 Squires
25:45 Chain Mail Armor
25:40 Forging
28:09 Plate Mail Armor
27:03 Capped Ram
29:33 Iron Casting
30:07 Stone Mining
31:23 Blast Furnace
30:08 Siege Ram
32:06 Two-Man Saw
32:47 Blast Furnace
32:20 Masonry
31:49 Onager
33:20 Crop Rotation
33:57 Siege Onager
33:57 Siege Onager
34:40 Fletching
35:29 Scale Barding Armor
36:03 Conscription
35:50 Town Patrol
36:35 Masonry
36:30 Siege Engineers
37:54 Chain Barding Armor
38:53 Bloodlines
38:43 Husbandry
38:52 Light Cavalry
41:42 Chain Barding Armor
45:01 Plate Barding Armor
44:10 Hussar
52:40 Bodkin Arrow
52:46 Padded Archer Armor
53:31 Cavalier
SiraZaika
10:23 Feudal Age
13:54 Castle Age
12:12 Double-Bit Axe
12:30 Horse Collar
18:54 Bow Saw
20:33 Wheelbarrow
20:42 Loom
21:09 Gold Mining
26:09 Imperial Age
24:01 Hand Cart
23:59 Scale Mail Armor
24:33 Forging
24:57 Chain Mail Armor
26:07 Devotion
26:16 Capped Ram
27:28 Plate Mail Armor
27:44 Iron Casting
29:31 Arson
31:15 Blast Furnace
30:04 Siege Ram
31:07 Siege Engineers
32:43 Fletching
33:28 Heavy Scorpion
34:13 Bodkin Arrow
37:08 Chemistry
36:09 Padded Archer Armor
39:08 Conscription
40:31 Ballistics
41:10 Furor Celtica
46:59 Onager
51:04 Leather Archer Armor
52:42 Pikeman
This is Kawaii
9:38 Feudal Age
13:37 Castle Age
11:41 Double-Bit Axe
11:53 Horse Collar
14:33 Bow Saw
19:18 Loom
21:02 Fletching
22:23 Bodkin Arrow
23:47 Wheelbarrow
29:01 Imperial Age
28:11 Gold Mining
28:45 Ballistics
28:26 Padded Archer Armor
28:54 Hand Cart
31:33 Chemistry
30:34 Bracer
32:42 Leather Archer Armor
32:58 Heavy Plow
34:02 Two-Man Saw
32:24 Elite Genoese Crossbowman
33:25 Conscription
34:18 Ring Archer Armor
33:54 Thumb Ring
34:26 Scale Barding Armor
34:38 Bloodlines
34:29 Husbandry
33:50 Light Cavalry
35:35 Forging
35:54 Hussar
36:57 Chain Barding Armor
37:13 Iron Casting
38:26 Coinage
38:06 Guilds
40:25 Banking
39:56 Caravan
40:33 Plate Barding Armor
47:27 Blast Furnace
57:12 Silk Road
MeowMe
0:42 Loom
11:41 Feudal Age
13:18 Town Watch
16:00 Castle Age
13:56 Double-Bit Axe
18:16 Bow Saw
20:57 Horse Collar
22:31 Gold Mining
22:32 Stone Mining
27:03 Wheelbarrow
30:53 Imperial Age
28:45 Hand Cart
28:32 Padded Archer Armor
28:22 Fletching
28:58 Ballistics
29:40 Town Patrol
29:58 Leather Archer Armor
29:33 Fletching
31:28 Great Wall
32:30 Conscription
32:08 Stone Mining
32:53 Gold Shaft Mining
33:05 Ring Archer Armor
32:30 Bodkin Arrow
32:39 Elite Chu Ko Nu
34:16 Coinage
33:46 Caravan
34:27 Stone Shaft Mining
34:23 Bracer
35:21 Thumb Ring
36:36 Chemistry
35:47 Fortified Wall
35:47 Masonry
35:52 Heavy Plow
44:58 Banking
46:31 Heavy Rocket Cart
51:49 Capped Ram
51:50 Heavy Scorpion
55:37 Two-Man Saw
Backspace
10:28 Feudal Age
11:25 Double-Bit Axe
14:01 Castle Age
12:39 Horse Collar
15:07 Bow Saw
20:27 Wheelbarrow
21:50 Hand Cart
22:43 Heavy Plow
23:40 Gold Mining
23:58 Loom
24:01 Town Watch
26:10 Gold Shaft Mining
25:31 Stone Mining
25:40 Fletching
25:54 Padded Archer Armor
28:40 Imperial Age
26:23 Masonry
27:29 Leather Archer Armor
27:53 Fletching
28:26 Ballistics
28:39 Bodkin Arrow
29:22 Bracer
29:49 Parthian Tactics
28:54 Onager
30:16 Thumb Ring
31:19 Chemistry
30:26 Husbandry
31:04 Heavy Cavalry Archer
31:57 Bloodlines
32:59 Ring Archer Armor
32:53 Conscription
33:00 Siege Engineers
33:22 Fortified Wall
33:10 Murder Holes
33:25 Fortified Wall
33:47 Bimaristan
34:00 Scale Barding Armor
33:34 Crossbowman
34:40 Counterweights
35:09 Chain Barding Armor
34:59 Forging
38:17 Plate Barding Armor
38:17 Iron Casting
37:04 Light Cavalry
37:55 Siege Onager
41:15 Blast Furnace
44:49 Two-Man Saw
50:42 Hoardings
巨大豚
11:53 Feudal Age
15:46 Castle Age
14:01 Double-Bit Axe
13:57 Horse Collar
18:53 Loom
21:05 Sanctity
27:03 Imperial Age
27:37 Chemistry
29:03 Wheelbarrow
39:33 Guilds
40:16 Caravan
46:22 Elite Skirmisher
47:52 Fletching
48:02 Padded Archer Armor
49:11 Coinage
49:16 Bodkin Arrow
49:44 Ballistics
50:12 Bracer
51:09 Hand Cart
50:39 Town Watch
51:03 Crossbowman
53:19 Leather Archer Armor
56:09 Ring Archer Armor
Arietta Fine
10:08 Feudal Age
11:08 Double-Bit Axe
14:02 Castle Age
12:01 Horse Collar
14:52 Heavy Plow
20:32 Bow Saw
24:02 Wheelbarrow
23:28 Gold Mining
28:15 Imperial Age
26:37 Hand Cart
26:17 Fletching
26:27 Padded Archer Armor
26:16 Loom
27:12 Bodkin Arrow
28:08 Leather Archer Armor
28:04 Bloodlines
27:55 Husbandry
29:00 Gold Shaft Mining
29:12 Bracer
30:17 Chemistry
29:38 Conscription
29:51 Thumb Ring
30:34 Ballistics
30:13 Elite Mangudai
32:16 Drill
32:44 Parthian Tactics
32:30 Onager
33:24 Capped Ram
34:34 Siege Ram
35:43 Siege Onager
37:56 Siege Engineers
38:02 Masonry
37:49 Murder Holes
41:07 Hoardings
40:32 Stone Mining
45:12 Coinage
49:02 Banking
帝三鲜
10:54 Feudal Age
14:59 Castle Age
14:13 Loom
14:18 Double-Bit Axe
14:14 Horse Collar
16:25 Bow Saw
25:59 Wheelbarrow
29:26 Imperial Age
27:32 Gold Mining
27:32 Stone Mining
29:28 Heavy Plow
32:10 Conscription
33:18 Artillery
33:37 Guilds
35:50 Hand Cart
35:42 Treadmill Crane
39:09 Bloodlines
38:59 Husbandry
39:58 Scale Barding Armor
40:03 Forging
39:58 Scale Barding Armor
42:27 Iron Casting
42:12 Chain Barding Armor
42:27 Iron Casting
42:13 Chain Barding Armor
42:51 Chain Barding Armor
44:14 Blast Furnace
51:06 Plate Barding Armor
51:47 Caravan
54:09 Fletching
55:16 Capped Ram
Connection lost

Rejoining the realm…

Still unreachable

The connection could not be restored.

Session expired

The server has moved on; the page needs a fresh start.